 Dungeon Crawl Stone Soup version 0.26-a0-652-gafc20e3620 (webtiles) character file.

Game seed: 12850837562766381680

239 lunkers the Stinger (level 5, 0/35 HPs)
             Began as a Demonspawn Venom Mage on Oct 1, 2020.
             Killed by divine providence
             ... invoked by an orc priest
              (13 damage)
             ... on level 3 of the Dungeon.
             The game lasted 00:04:18 (3696 turns).

lunkers the Stinger (Demonspawn Venom Mage)         Turns: 3696, Time: 00:04:18

Health: 0/35       AC:  2    Str:  8    XL:     5   Next: 79%
Magic:  3/10       EV: 12    Int: 18    God:
Gold:   228        SH:  0    Dex: 13    Spells: 8/11 levels left

rFire    . . .     SeeInvis .   (no weapon)
rCold    . . .     Faith    .   (no shield)
rNeg     . . .     Spirit   .   a - +0 robe
rPois    .         Reflect  .   (no helmet)
rElec    .         Harm     .   (no cloak)
rCorr    .         Rampage  .   (no gloves)
MR       .....                  (no boots)
Stlth    ++........             (no amulet)
HPRegen  0.11/turn              (no ring)
MPRegen  0.12/turn              (no ring)

@: no status effects
A: demonic guardian 1, foul stench 1, rot immunity
a: no special abilities


You were on level 3 of the Dungeon.
You visited 1 branch of the dungeon, and saw 3 of its levels.

You collected 228 gold pieces.

Inventory:

Armour
 a - a +0 robe (worn)
Scrolls
 b - a scroll of immolation {unknown}
 d - a scroll of blinking {unknown}
 e - 2 scrolls of identify {unknown}
 f - 2 scrolls of enchant weapon {unknown}
 g - a scroll of remove curse {unknown}
 j - 3 scrolls of teleportation {unknown}
 l - a scroll of amnesia {unknown}
Potions
 c - 3 potions of heal wounds {unknown}
 h - a potion of stabbing {unknown}
 i - a potion of ambrosia {unknown}
 k - a potion of haste {unknown}
 m - a potion of lignification {unknown}


   Skills:
 - Level 1.7 Dodging
 - Level 1.7 Stealth
 + Level 3.5 Spellcasting
 - Level 0.8 Transmutations
 * Level 5.6 Poison Magic


You had 8 spell levels left.
You knew the following spells:

 Your Spells              Type           Power        Failure   Level
a - Poisonous Vapours     Pois/Air       ##....       8%          2
b - Sting                 Tmut/Pois      ##..         4%          1

Your spell library contained the following spells:

 Spells                   Type           Power        Failure   Level
 Olgreb's Toxic Radiance  Pois           ###.....     16%         4
 Ignite Poison            Fire/Tmut/Pois ##......     19%         3
 Mephitic Cloud           Conj/Pois/Air  ##......     22%         3


Dungeon Overview and Level Annotations

Branches:
Dungeon (3/15)

Altars:
Ru
Uskayaw


Innate Abilities, Weirdness & Mutations

A weak demonic guardian rushes to your aid.
You may emit foul miasma when damaged in melee.
You are immune to rotting.


Message History

The orc wizard hits your ufetubus with a +0 long sword!
Your ufetubus dies!
The orc warrior hits you with a +0 battleaxe!!
Ouch! That really hurt!
* * * LOW HITPOINT WARNING * * *
The orc wizard gestures wildly while chanting.
The orc wizard flickers and vanishes!
Deactivating autopickup; reactivate with Ctrl-A.
Casting: Poisonous Vapours (safe; 8% risk of failure)
Confirm with . or Enter, or press ? or * to list all spells.
Aiming: Poisonous Vapours (safe; 8% risk of failure)
Press: ? - help, Dir - move target cursor, f/p - orc warrior
Aim: an orc warrior, wielding a +0 battleaxe and wearing a +0 plate armour (moderately wounded, very poisoned) Poisonous vapours surround the orc warrior!
Unknown command.
Your white imp closely misses the orc warrior.
Something closely misses your white imp.
The orc priest invokes the aid of Beogh against you.
Beogh smites you!
You die...

#########.### ##........
#.## #......... #..#
#......).. ##.# #.........
#########.#######.........
#...............#[........
#.########.####.........).
#.########.## #####.......
#........@..# #........
#...........# ###........
##.......o..####..........
#.......5..##...####.....
#.......{.....### #.....
#..........#### #..<..
#.......o..# # .....
#..........# #. ....
#..........# .##.####.#


You could see an orc warrior (poisoned), an orc priest and a friendly white imp
(summoned).

Vanquished Creatures
  5 adders
  4 gnolls (D:3)
  An adder skeleton (D:3)
  2 dart slugs
  3 leopard geckos
  10 bats
  2 giant cockroaches (D:3)
  7 goblins
  5 hobgoblins
  A ball python (D:2)
  8 frilled lizards
  8 kobolds
  10 rats
66 creatures vanquished.

Vanquished Creatures (collateral kills)
  Sigmund (D:2)
  A worm (D:2)
  A hobgoblin (D:3)
3 creatures vanquished.

Grand Total: 69 creatures vanquished

Notes
Turn   | Place    | Note
-------+----------+-------------------------------------------
     0 | D:1      | lunkers the Demonspawn Venom Mage began the quest for the
                  | Orb.
     0 | D:1      | Reached XP level 1. HP: 13/13 MP: 3/3
   359 | D:1      | Gained mutation: You are immune to rotting. [demonic
                  | ancestry]
   359 | D:1      | Reached XP level 2. HP: 19/19 MP: 0/5
  1487 | D:2      | Gained mutation: A weak demonic guardian rushes to your
                  | aid. [demonic ancestry]
  1487 | D:2      | Reached XP level 3. HP: 24/24 MP: 3/6
  1630 | D:2      | Reached skill level 4 in Poison Magic
  1907 | D:2      | Found a sacrificial altar of Ru.
  1957 | D:2      | Noticed Sigmund
  1979 | D:2      | Killed Sigmund
  1979 | D:2      | Reached skill level 5 in Poison Magic
  1979 | D:2      | Gained mutation: You may emit foul miasma when damaged in
                  | melee. [demonic ancestry]
  1979 | D:2      | Reached XP level 4. HP: 30/30 MP: 4/8
  1979 | D:2      | Reached XP level 5. HP: 35/35 MP: 4/9
  2550 | D:3      | Noticed an orc warrior
  2757 | D:3      | Learned a level 2 spell: Poisonous Vapours
  3546 | D:3      | Found a hide-covered altar of Uskayaw.
  3696 | D:3      | Killed from afar by an orc priest

Illustrated notes

Levels and vault maps discovered:
D:1:      grunt_arrival_crossed_arrows, layout_basic
D:2:      layout_basic, old_standard_altar, uniq_sigmund
D:3:      layout_rooms, lemuel_crystal_altar, minmay_pentangle

Skill      XL: |  1  2  3 |
---------------+----------+-----
Poison Magic   | 5 |  5.6
Spellcasting   | 3 |  3.5
Dodging        | |  1.7
Stealth        | |  1.7
Transmutations | |  0.8

Action                   |  1- 3 |  4- 6 || total
-------------------------+-------+-------++-------
Melee: Unarmed           |     3 |    24 ||    27
 Cast: Sting             |    70 |    46 ||   116
       Poisonous Vapours |       |    21 ||    21
Armor: Robe              |    10 |     5 ||    15
Dodge: Dodged            |    17 |    18 ||    35

Table legend: (Time is in decaauts)
 A = Elapsed time spent in this place.
 B = Non-inter-level travel time spent in this place.
 C = Inter-level travel time spent in this place.
 D = Time resting spent in this place.
 E = Time spent auto-exploring this place.
 F = Levels seen in this place.
 G = Mean time per level.
                   A        B        C        D        E       F      G
               +--------+--------+--------+--------+--------+-----+--------+
         Total |   3696 |   3620 |     76 |     65 |   2948 |   3 | 1232.0 |
       Dungeon |   3696 |   3620 |     76 |     65 |   2948 |   3 | 1232.0 |
               +--------+--------+--------+--------+--------+-----+--------+

Top non-repeatable levels by time:
     D:1: 1440 daAuts
     D:2: 1169 daAuts
     D:3: 1087 daAuts
